Map: Dusk Towers

Players

DaKewlKat - Winner!

  • Race: Protoss Protoss
  • League: Bronze

ImmortalZodd

  • Race: Zerg Zerg
  • League: Silver

VOD

Have the link to the VOD?

Description

Time

  • Played on: Jan. 29, 2016, 1:37 a.m.
  • Length: 6:40
Show
View Real Time Build Order
Export as new Build Order

DaKewlKat Protoss - Winner!

Build Orders: 1 Gate Expand, Dark Templar Rush 

Get SALT Encoding   

  12  0:01  Probe (Chrono Boost)  
  13  0:11  Probe (Chrono Boost)  
  14  0:21  Pylon  
  14  0:22  Probe (Chrono Boost)  
  15  0:39  Probe (Chrono Boost)  
  15  0:41  Gateway  
  16  0:45  Assimilator  
  16  0:49  Probe (Chrono Boost)  
  17  1:00  Probe (Chrono Boost)  
  18  1:10  Probe (Chrono Boost)  
  19  1:26  Nexus  
  19  1:32  Cybernetics Core  
  19  1:51  Probe (Chrono Boost)  
  19  1:53  Gateway  
  20  2:01  Probe (Chrono Boost)  
  20  2:02  Assimilator  
  21  2:12  Probe (Chrono Boost)  
  22  2:16  Warp Gate  
  23  2:23  Probe (Chrono Boost)  
  23  2:37  Pylon  
  23  2:38  Probe (Chrono Boost)  
  23  2:42  Adept, Pylon  
  23  2:43  Adept  
  28  2:53  Probe (Chrono Boost)  
  28  2:54  Probe (Chrono Boost)  
  30  3:04  Probe (Chrono Boost)  
  30  3:05  Twilight Council  
  32  3:09  Mothership Core (Chrono Boost)  
  33  3:17  Probe (Chrono Boost)  
  34  3:27  Probe (Chrono Boost)  
  34  3:55  Dark Shrine  
  34  4:00  Probe x2 (Chrono Boost)  
  34  4:01  Pylon  
  36  4:07  Gateway x2  
  36  4:10  Gateway, Probe (Chrono Boost)  
  36  4:11  Probe (Chrono Boost)  
  38  4:22  Pylon  
  38  4:24  Probe x2 (Chrono Boost)  
  40  4:32  Assimilator  
  40  4:35  Probe x2 (Chrono Boost), Assimilator  
  42  4:44  Gateway  
  43  4:45  Probe (Chrono Boost)  
  43  4:46  Gateway  
  43  4:47  Gateway  
  43  4:49  Probe (Chrono Boost)  
  44  4:56  Probe (Chrono Boost)  
  45  5:08  Probe x2 (Chrono Boost)  
  47  5:15  Dark Templar x2  
  47  5:16  Dark Templar  
  53  5:26  Dark Templar x2  
  57  5:48  Dark Templar x2  
  61  6:12  Stalker x4  
  69  6:33  Pylon x2  
  69  6:35  Pylon  
Show
View Real Time Build Order
Export as new Build Order

ImmortalZodd Zerg 

Build Orders: Hatch First 

Get SALT Encoding   

  12  0:02  Drone  
  13  0:08  Drone  
  14  0:17  Overlord  
  14  0:36  Drone x3  
  17  0:47  Drone  
  18  0:53  Extractor  
  17  1:06  Hatchery  
  17  1:09  Drone x2  
  18  1:19  Drone  
  19  1:30  Drone, Spawning Pool  
  19  1:41  Drone  
  20  1:51  Overlord  
  20  2:04  Drone  
  21  2:17  Metabolic Boost  
  21  2:19  Queen  
  21  2:20  Queen  
  21  2:22  Zergling x4  
  27  2:24  Drone  
  27  2:29  Drone  
  29  2:35  Drone  
  30  2:40  Drone  
  31  2:48  Drone  
  31  2:50  Drone  
  33  3:06  Queen  
  33  3:08  Hatchery, Drone  
  33  3:09  Overlord x2  
  33  3:12  Drone  
  36  3:29  Roach Warren  
  35  3:34  Zergling x10  
  35  3:35  Zergling x4  
  35  3:36  Drone  
  41  3:54  Drone x5  
  46  4:05  Evolution Chamber  
  46  4:06  Zergling x4, Extractor  
  46  4:07  Evolution Chamber  
  46  4:08  Extractor  
  44  4:17  Roach x4  
  50  4:22  Overlord x3  
  52  4:30  Drone x3  
  55  4:38  Roach  
  55  4:39  Overlord  
  55  4:40  Overlord  
  57  4:52  Roach  
  59  4:58  Roach  
  59  4:59  Roach  
  63  5:05  Roach  
  65  5:07  Roach  
  65  5:12  Drone x3  
  65  5:13  Drone x3  
  73  5:37  Roach  
  73  5:38  Roach  
  72  5:58  Spore Crawler  
  69  6:10  Roach x5  
  69  6:11  Roach x3  
Tags
 
Add a new tag
Caveats
  • Supply blocks, unpowered buildings, or Contaminate may cause inaccurate times.
  • Supply counts are checked every 10 seconds.